AoeStats
← thdung17

Arena

509303932Analyzed
1v1 RM · 7d ago on Sep 26, 2026· 56m 51s· 2 players
Game mode
Random Map
Map size
Tiny (2 player)
Population
200
Speed
Normal
Resources
Standard
Victory
Conquest
Starting age
Dark Age
Ending age
Imperial Age
RankedLock teamsTeams togetherTeam positionsShared explorationLock speedFull tech treeHidden civsTurbo modeCheats
Victory
Defeat
🇻🇳 Turks · Vietnam
1081
+16
🇸🇪 Malians · Sweden
1081
-16
thdung17
10:11 Feudal Age
9:19 Loom
15:08 Castle Age
13:32 Double-Bit Axe
13:28 Horse Collar
16:15 Bow Saw
17:56 Heavy Plow
21:23 Wheelbarrow
26:58 Imperial Age
25:36 Hand Cart
26:07 Forging
26:03 Scale Barding Armor
25:50 Fletching
26:01 Padded Archer Armor
26:23 Gold Mining
26:24 Stone Mining
27:25 Iron Casting
27:32 Bloodlines
27:23 Husbandry
28:10 Gold Shaft Mining
28:15 Husbandry
30:54 Two-Man Saw
30:39 Chain Barding Armor
32:23 Blast Furnace
31:19 Bodkin Arrow
33:23 Ballistics
32:59 Murder Holes
32:46 Treadmill Crane
34:31 Bracer
35:07 Plate Barding Armor
34:45 Elite Janissary
36:45 Leather Archer Armor
36:32 Scale Mail Armor
39:53 Town Watch
40:32 Artillery
40:53 Sipahi
42:20 Ring Archer Armor
42:06 Chain Mail Armor
44:43 Heavy Camel Rider
45:12 Capped Ram
50:52 Plate Mail Armor
52:50 Town Patrol
53:03 Masonry
52:44 Heated Shot
53:09 Fortified Wall
52:50 Guard Tower
erkipErki
10:44 Feudal Age
11:59 Loom
14:35 Castle Age
12:34 Double-Bit Axe
12:38 Horse Collar
17:31 Bow Saw
17:30 Heavy Plow
21:52 Wheelbarrow
22:08 Fletching
22:30 Forging
22:23 Scale Mail Armor
22:28 Gold Mining
24:32 Hand Cart
26:06 Chain Mail Armor
26:02 Forging
25:48 Bodkin Arrow
25:23 Man-at-Arms
26:04 Squires
25:49 Arson
25:29 Pikeman
25:38 Pikeman
26:26 Long Swordsman
30:46 Imperial Age
29:25 Iron Casting
30:37 Scale Barding Armor
30:56 Two-Handed Swordsman
31:30 Capped Ram
32:52 Plate Mail Armor
33:13 Heavy Camel Rider
34:05 Bloodlines
33:55 Husbandry
34:15 Champion
36:08 Town Watch
38:25 Chain Barding Armor
39:45 Farimba
40:07 Conscription
41:30 Light Cavalry
57:30 Masonry
Connection lost

Rejoining the realm…

Still unreachable

The connection could not be restored.

Session expired

The server has moved on; the page needs a fresh start.